[Event "RUS-chT Blitz Men 2018"]
[Site "Sochi"]
[Date "2018.10.10"]
[Round "9"]
[White "Rudakov, Sergey S."]
[Black "Kostin, Alexey"]
[Result "0-1"]
[ECO "B42"]
[WhiteElo "1733"]
[BlackElo "2253"]
[Annotator "NA"]
[PlyCount "86"]
[EventDate "2018.10.10"]
[EventType "swiss"]
[EventCountry "RUS"]
[SourceTitle "playchess.com"]
[Source "ChessBase"]
[SourceQuality "1"]
[TimeControl "180+2"]

1. e4 c5 2. Nf3 e6 3. d4 cxd4 4. Nxd4 a6 5. Bd3 Bc5 6. Nb3 Ba7 7. O-O Nc6 8. Nc3 Nf6 9. Bg5 Ne5 10. Be2 d6 11. Qd2 b5 12. a3 Bb7 13. Rad1 Bb8 14. f4 Ned7 15. Bf3 O-O 16. e5 Qb6+ 17. Kh1 Bxf3 18. Rxf3 dxe5 19. Bxf6 Nxf6 20. Rd3 exf4 21. h3 Be5 22. Rf1 Bxc3 23. Qxc3 Ne4 24. Qe1 Ng3+ 25. Rxg3 fxg3 26. Qxg3 Rad8 27. c3 g6 28. Nd4 Rxd4 29. cxd4 Qxd4 30. b4 Rc8 31. Qf3 Qd7 32. Rd1 Qc7 33. h4 Rd8 34. Rf1 h5 35. Qe3 Qc4 36. Qf2 e5 37. Qf6 Rd4 38. g3 Qd5+ 39. Kh2 Rd2+ 40. Rf2 Rxf2+ 41. Qxf2 e4 42. Qf6 e3 43. Qf1 Qd2+ 0-1

[Event "RUS-chT Blitz Men 2018"]
[Site "Sochi"]
[Date "2018.10.10"]
[Round "10"]
[White "Moiseenko, Vadim"]
[Black "Iljiushenok, Ilia"]
[Result "1-0"]
[ECO "A05"]
[WhiteElo "2492"]
[BlackElo "2539"]
[Annotator "ChessBase"]
[PlyCount "74"]
[EventDate "2018.10.10"]
[EventType "swiss"]
[EventCountry "RUS"]
[SourceTitle "playchess.com"]
[Source "ChessBase"]
[SourceQuality "1"]
[TimeControl "180+2"]

1. Nf3 Nf6 2. b3 d6 3. d4 g6 4. Bb2 Bg7 5. Nbd2 O-O 6. e4 c5 7. dxc5 dxc5 8. Bc4 Nc6 9. O-O Qc7 10. h3 a6 11. Re1 b5 12. Bf1 Rd8 13. Qc1 Nd4 14. a4 Bb7 15. Nxd4 cxd4 16. axb5 axb5 17. Rxa8 Bxa8 18. Bxb5 Nd7 19. Ba3 Ne5 20. Nc4 d3 21. Rd1 Bxe4 22. Nxe5 Bxe5 23. Bxd3 Bb7 24. Bf1 Rc8 25. c4 Bf4 26. Qc3 Be5 27. Qe3 e6 28. b4 Bf4 29. Qd4 Ra8 30. Bb2 e5 31. Qd7 Qb6 32. Bc3 Bc6 33. Qd6 Ra2 34. c5 Qb7 35. Qf6 Ra8 36. g3 Bh6 37. Bxe5 Kf8 1-0

[Event "RUS-chT Blitz Men 2018"]
[Site "Sochi"]
[Date "2018.10.10"]
[Round "10"]
[White "Belyakov, Bogdan"]
[Black "Inozemtsev, Sergei"]
[Result "1-0"]
[ECO "C15"]
[WhiteElo "2458"]
[BlackElo "2310"]
[Annotator "RC"]
[PlyCount "73"]
[EventDate "2018.10.10"]
[EventType "swiss"]
[EventCountry "RUS"]
[SourceTitle "playchess.com"]
[Source "ChessBase"]
[SourceQuality "1"]
[TimeControl "180+2"]

1. e4 e6 2. d4 d5 3. Nc3 Bb4 4. Nge2 dxe4 5. a3 Be7 6. Nxe4 Nf6 7. N2c3 Nc6 8. Be3 Nd5 9. Qg4 g6 10. Qf3 f5 11. Nd2 Nxe3 12. fxe3 e5 13. O-O-O e4 14. Qf2 Bg5 15. h4 Bh6 16. h5 Qg5 17. hxg6 hxg6 18. Nd5 Kd8 19. Nc4 Bd7 20. Ne5 Nxe5 21. dxe5 Kc8 22. Kb1 a5 23. Bc4 Kb8 24. Nf4 Bc8 25. Bf7 Rd8 26. Rxd8 Qxd8 27. Rxh6 Qd1+ 28. Ka2 Ra6 29. Qe2 Qd8 30. Bc4 Rb6 31. e6 Qf6 32. c3 Qe5 33. Rxg6 Ka7 34. Rg8 Bxe6 35. Bxe6 Rxe6 36. Qc4 Rb6 37. a4 1-0

[Event "RUS-chT Blitz Men 2018"]
[Site "Sochi"]
[Date "2018.10.10"]
[Round "10"]
[White "Dilmukhametov, Artur"]
[Black "Sergeyev, Alexander"]
[Result "1-0"]
[ECO "A45"]
[WhiteElo "2353"]
[BlackElo "2397"]
[Annotator "NA"]
[PlyCount "66"]
[EventDate "2018.10.10"]
[EventType "swiss"]
[EventCountry "RUS"]
[SourceTitle "playchess.com"]
[Source "ChessBase"]
[SourceQuality "1"]
[TimeControl "180+2"]

1. d4 Nf6 2. Nc3 d5 3. Bf4 e6 4. e3 Bd6 5. Qf3 O-O 6. g4 c5 7. g5 Ne4 8. Nxe4 dxe4 9. Qxe4 Bxf4 10. Qxf4 cxd4 11. exd4 e5 12. dxe5 Nc6 13. Nf3 Qb6 14. O-O-O Be6 15. Nd4 Rac8 16. Nxc6 Rxc6 17. Bg2 Rc4 18. Qe3 Qc7 19. c3 b5 20. Bd5 Bxd5 21. Rxd5 b4 22. Rd3 Rc8 23. e6 bxc3 24. Rxc3 Rxc3+ 25. bxc3 fxe6 26. Qxe6+ Kh8 27. Qe3 Qa5 28. Kb2 Rb8+ 29. Ka1 Qb5 30. Qd2 a5 31. Rd1 Qb6 32. Qc2 Rf8 33. h4 Qc5 1-0

[Event "RUS-chT Blitz Men 2018"]
[Site "Sochi"]
[Date "2018.10.10"]
[Round "10"]
[White "Kozak, Alexander"]
[Black "Afanasiev, Nikita"]
[Result "0-1"]
[ECO "B06"]
[WhiteElo "2262"]
[BlackElo "2487"]
[Annotator "ChessBase"]
[PlyCount "74"]
[EventDate "2018.10.10"]
[EventType "swiss"]
[EventCountry "RUS"]
[SourceTitle "playchess.com"]
[Source "ChessBase"]
[SourceQuality "1"]
[TimeControl "180+2"]

1. e4 g6 2. d4 Bg7 3. c3 d6 4. f4 e5 5. Nf3 Nd7 6. Bd3 Ngf6 7. O-O O-O 8. fxe5 dxe5 9. Nbd2 exd4 10. cxd4 c5 11. d5 Ng4 12. Nc4 b5 13. Ne3 Nxe3 14. Bxe3 c4 15. Bc2 Qe7 16. Bd4 Ne5 17. Qd2 Bg4 18. Rae1 a5 19. Kh1 b4 20. Qf4 Bxf3 21. gxf3 a4 22. Qe3 b3 23. axb3 axb3 24. Bb1 Qh4 25. Qc3 Nxf3 26. Qxf3 Bxd4 27. Re2 Be5 28. Ref2 Ra6 29. Qe2 Ra4 30. Rc1 Ra1 31. Rff1 Ra4 32. Rf3 Kg7 33. Qg2 f6 34. Rh3 Qg5 35. Qf1 Rc8 36. Qe2 Qxc1+ 37. Kg2 Qxb2 0-1

[Event "RUS-chT Blitz Men 2018"]
[Site "Sochi"]
[Date "2018.10.10"]
[Round "10"]
[White "Borisova, Ekaterina"]
[Black "Chizhikov, Vladislav"]
[Result "0-1"]
[ECO "D02"]
[WhiteElo "2256"]
[BlackElo "2304"]
[Annotator "NA"]
[PlyCount "96"]
[EventDate "2018.10.10"]
[EventType "swiss"]
[EventCountry "RUS"]
[SourceTitle "playchess.com"]
[Source "ChessBase"]
[SourceQuality "1"]
[TimeControl "180+2"]

1. d4 d5 2. Nf3 c6 3. g3 h6 4. Bg2 Bf5 5. O-O Nf6 6. c4 e6 7. Nc3 Nbd7 8. Nd2 Be7 9. e4 dxe4 10. Ndxe4 Nxe4 11. Nxe4 Nf6 12. Nc3 O-O 13. Be3 Qa5 14. Qb3 Qb4 15. Qxb4 Bxb4 16. Rfc1 Rfd8 17. a3 Be7 18. b4 Rd7 19. b5 cxb5 20. Nxb5 a6 21. Nc3 Rc8 22. Na4 Rdc7 23. Nb6 Rd8 24. c5 Be4 25. Bf4 Rc6 26. f3 Bg6 27. Be5 Nd7 28. Nc4 f6 29. Bd6 Bxd6 30. Nxd6 Rc7 31. f4 Rb8 32. Kf2 e5 33. Bd5+ Kh7 34. f5 Bh5 35. h3 exd4 36. g4 Be8 37. Ne4 Ne5 38. Ke2 Bb5+ 39. Kd2 Rd8 40. Be6 d3 41. a4 Bc6 42. Nc3 Nf3+ 43. Ke3 d2 44. Rf1 Ng5 45. h4 Nxe6 46. fxe6 Re7 47. Rad1 Rxe6+ 48. Kf4 Rd4+ 0-1

[Event "RUS-chT Blitz Men 2018"]
[Site "Sochi"]
[Date "2018.10.10"]
[Round "11"]
[White "Sergeyev, Alexander"]
[Black "Jary, Sergey"]
[Result "1/2-1/2"]
[ECO "E11"]
[WhiteElo "2397"]
[BlackElo "2286"]
[Annotator "NA"]
[PlyCount "35"]
[EventDate "2018.10.10"]
[EventType "swiss"]
[EventCountry "RUS"]
[SourceTitle "playchess.com"]
[Source "ChessBase"]
[SourceQuality "1"]
[TimeControl "180+2"]

1. d4 Nf6 2. Nf3 e6 3. c4 Bb4+ 4. Nbd2 O-O 5. a3 Be7 6. b4 d5 7. Bb2 b6 8. cxd5 exd5 9. e3 Bb7 10. Bd3 Nbd7 11. O-O Bd6 12. Ne5 Re8 13. f4 Qe7 14. Rf3 Ne4 15. Qc2 f5 16. Nc6 Qe6 17. Ne5 Qe7 18. Qd1 1/2-1/2

[Event "RUS-chT Blitz Men 2018"]
[Site "Sochi"]
[Date "2018.10.10"]
[Round "11"]
[White "Ozgibcev, Anatoly"]
[Black "Chos, Alexey"]
[Result "1-0"]
[ECO "C50"]
[WhiteElo "2368"]
[BlackElo "2296"]
[Annotator "NA"]
[PlyCount "87"]
[EventDate "2018.10.10"]
[EventType "swiss"]
[EventCountry "RUS"]
[SourceTitle "playchess.com"]
[Source "ChessBase"]
[SourceQuality "1"]
[TimeControl "180+2"]

1. e4 e5 2. Nf3 Nc6 3. Bc4 Be7 4. d4 d6 5. dxe5 Nxe5 6. Nxe5 dxe5 7. Qh5 g6 8. Qxe5 Nf6 9. Bh6 Rg8 10. Bg5 Kf8 11. Nc3 c6 12. Rd1 Nd7 13. Qf4 Qe8 14. Bh6+ Rg7 15. O-O Kg8 16. Qg3 Bf6 17. Bxg7 Bxg7 18. Rfe1 Ne5 19. Bb3 a5 20. a4 Be6 21. f4 Ng4 22. Bxe6 Qxe6 23. h3 Nf6 24. e5 Nh5 25. Qf3 Qc4 26. Re4 Qc5+ 27. Qf2 Qe7 28. Red4 Bh6 29. g3 Bf8 30. Kg2 Qe8 31. Ne4 c5 32. Rd7 Qe6 33. Rxb7 Qc6 34. Qf3 Qxa4 35. b3 Qa2 36. Rd2 Bh6 37. Nd6 Rf8 38. Ra7 Qb1 39. Re2 Qc1 40. Rf2 Qe1 41. Rc7 Qc1 42. Rxc5 a4 43. bxa4 Qa1 44. Qd1 1-0

[Event "RUS-chT Blitz Men 2018"]
[Site "Sochi"]
[Date "2018.10.10"]
[Round "11"]
[White "Tenikashvili, Georgij"]
[Black "Chizhikov, Vladislav"]
[Result "0-1"]
[ECO "D08"]
[WhiteElo "2361"]
[BlackElo "2304"]
[Annotator "NA"]
[PlyCount "110"]
[EventDate "2018.10.10"]
[EventType "swiss"]
[EventCountry "RUS"]
[SourceTitle "playchess.com"]
[Source "ChessBase"]
[SourceQuality "1"]
[TimeControl "180+2"]

1. d4 d5 2. c4 e5 3. dxe5 d4 4. Nf3 Nc6 5. a3 Bg4 6. Bf4 Nge7 7. Nbd2 Ng6 8. Bg3 Qe7 9. h3 Bh5 10. Qb3 O-O-O 11. O-O-O Ngxe5 12. Bh2 Bg6 13. g4 d3 14. Nxe5 Nxe5 15. Bxe5 Qxe5 16. exd3 Bc5 17. Bg2 c6 18. Ne4 Bxe4 19. Bxe4 Bxf2 20. Rhf1 Be3+ 21. Kb1 f6 22. Rf3 Bd4 23. Qc2 Kb8 24. Rf5 Qc7 25. Rff1 h5 26. Qg2 hxg4 27. Qxg4 Qb6 28. Rd2 Qc7 29. Ka2 a5 30. Rg2 g5 31. Bf5 Be5 32. Qd1 Rd4 33. Qb3 Rhd8 34. Be4 Ka7 35. Rh1 Qd7 36. Rf2 Bf4 37. Rg2 f5 38. Bf3 Rxd3 39. Qa4 Rxf3 40. Qxa5+ Kb8 41. h4 g4 42. Rgg1 Rd3 43. Re1 Bc7 44. Qb4 Qd4 45. Re7 Re3 46. h5 Rxe7 47. Qxe7 Qxc4+ 48. Ka1 Qb3 49. h6 Rd1+ 50. Rxd1 Qxd1+ 51. Ka2 Qd5+ 52. Ka1 Qh1+ 53. Ka2 Qxh6 54. Qe8+ Ka7 55. Qe3+ Qxe3 0-1

[Event "RUS-chT Blitz Men 2018"]
[Site "Sochi"]
[Date "2018.10.10"]
[Round "11"]
[White "Ivlev, Aleksey"]
[Black "Nazaretyan, Tigran"]
[Result "0-1"]
[ECO "A61"]
[WhiteElo "2326"]
[BlackElo "2248"]
[Annotator "NA"]
[PlyCount "112"]
[EventDate "2018.10.10"]
[EventType "swiss"]
[EventCountry "RUS"]
[SourceTitle "playchess.com"]
[Source "ChessBase"]
[SourceQuality "1"]
[TimeControl "180+2"]

1. d4 Nf6 2. c4 c5 3. d5 e6 4. Nc3 exd5 5. cxd5 d6 6. Nf3 g6 7. Bf4 Bg7 8. Qa4+ Bd7 9. Qb3 Bc8 10. h3 O-O 11. e3 a6 12. a4 Qc7 13. Be2 Nbd7 14. O-O Re8 15. Bh2 Ne4 16. Qc2 Ndf6 17. Rab1 Bf5 18. g4 Nxc3 19. gxf5 Nxb1 20. fxg6 hxg6 21. Rxb1 Rad8 22. Bc4 Qe7 23. Nd2 Ne4 24. Nxe4 Qxe4 25. Qxe4 Rxe4 26. b3 Be5 27. Bxe5 Rxe5 28. a5 Rb8 29. Ra1 f5 30. Kg2 Kf7 31. Kg3 Kf6 32. Ra2 g5 33. Ra1 Re7 34. Ra2 Rh7 35. Bf1 Ke5 36. Rd2 b5 37. axb6 Rxb6 38. Bc4 f4+ 39. exf4+ gxf4+ 40. Kg4 Rg7+ 41. Kf3 Rf7 42. Re2+ Kd4 43. Rd2+ Kc3 44. Rd3+ Kc2 45. Ke2 a5 46. Rd2+ Kc3 47. Rd3+ Kb4 48. Rd2 a4 49. Rb2 Kc3 50. Rb1 axb3 51. Bd3 b2 52. h4 f3+ 53. Ke3 Re7+ 54. Be4 Rb4 55. Kxf3 Rbxe4 56. h5 Re1 0-1

[Event "RUS-chT Blitz Men 2018"]
[Site "Sochi"]
[Date "2018.10.10"]
[Round "11"]
[White "Inozemtsev, Sergei"]
[Black "Alexeev, Alexey"]
[Result "1-0"]
[ECO "C02"]
[WhiteElo "2310"]
[BlackElo "2287"]
[Annotator "NA"]
[PlyCount "111"]
[EventDate "2018.10.10"]
[EventType "swiss"]
[EventCountry "RUS"]
[SourceTitle "playchess.com"]
[Source "ChessBase"]
[SourceQuality "1"]
[TimeControl "180+2"]

1. e4 e6 2. d4 d5 3. e5 c5 4. c3 Nc6 5. Nf3 Bd7 6. a3 Nge7 7. Bd3 cxd4 8. cxd4 Qb6 9. Bc2 Nf5 10. Bxf5 exf5 11. O-O Be7 12. Nc3 Be6 13. b4 h6 14. h4 Rd8 15. Be3 f4 16. Bxf4 Bg4 17. Be3 Bxh4 18. Re1 Bg5 19. Rc1 O-O 20. Bxg5 hxg5 21. Na4 Bxf3 22. Qxf3 Qxd4 23. Qg3 Qf4 24. Qxf4 gxf4 25. Nc5 b6 26. Nd3 Nd4 27. Nxf4 Ne6 28. Nd3 Rc8 29. f4 g6 30. g4 Rc4 31. Rf1 Rfc8 32. Rcd1 Rc2 33. Rf2 Rxf2 34. Kxf2 Rc2+ 35. Ke3 Rc3 36. f5 gxf5 37. gxf5 Nc7 38. Kf4 Rxa3 39. Kg5 Ne8 40. Nf4 Rg3+ 41. Kh4 Re3 42. Rxd5 Re4 43. Kg3 Rxb4 44. Nh5 Nc7 45. Rd8+ Kh7 46. Rd7 Rc4 47. Rxf7+ Kh6 48. Nf4 Kg5 49. Nh3+ Kh6 50. e6 Re4 51. Rxc7 a5 52. Kf3 Re1 53. e7 a4 54. Nf4 a3 55. Ne6 a2 56. e8=Q 1-0

[Event "RUS-chT Blitz Men 2018"]
[Site "Sochi"]
[Date "2018.10.10"]
[Round "11"]
[White "Uzhva, Andrey"]
[Black "Basiev, Valeriy P."]
[Result "1-0"]
[ECO "A04"]
[WhiteElo "2270"]
[BlackElo "1990"]
[Annotator "NA"]
[PlyCount "73"]
[EventDate "2018.10.10"]
[EventType "swiss"]
[EventCountry "RUS"]
[SourceTitle "playchess.com"]
[Source "ChessBase"]
[SourceQuality "1"]
[TimeControl "180+2"]

1. Nf3 g6 2. g3 Bg7 3. Bg2 d6 4. O-O e5 5. c4 Ne7 6. Nc3 O-O 7. d4 Nd7 8. e4 c6 9. Be3 Qc7 10. Qd2 Re8 11. Rfd1 Nf8 12. dxe5 dxe5 13. Bc5 f6 14. Bd6 Qd7 15. Qe2 Qe6 16. Na4 b6 17. Ba3 c5 18. Nc3 Nc6 19. Nd5 Qf7 20. b4 Nd4 21. Nxd4 cxd4 22. c5 bxc5 23. bxc5 Ne6 24. c6 Nc7 25. Qc4 Be6 26. Qc5 Bf8 27. Qa5 Bxa3 28. Nxc7 Bb2 29. Nxa8 Bxa1 30. Rxa1 Rxa8 31. c7 Rc8 32. Rc1 Bc4 33. Bh3 Rxc7 34. Be6 Bxe6 35. Rxc7 Qe8 36. Rxa7 Qc6 37. Qd8+ 1-0

[Event "RUS-chT Blitz Men 2018"]
[Site "Sochi"]
[Date "2018.10.10"]
[Round "11"]
[White "Linker, Mikhail"]
[Black "Dilmukhametov, Artur"]
[Result "1-0"]
[ECO "D11"]
[WhiteElo "2269"]
[BlackElo "2353"]
[Annotator "NA"]
[PlyCount "63"]
[EventDate "2018.10.10"]
[EventType "swiss"]
[EventCountry "RUS"]
[SourceTitle "playchess.com"]
[Source "ChessBase"]
[SourceQuality "1"]
[TimeControl "180+2"]

1. d4 d5 2. c4 c6 3. Nf3 Nf6 4. e3 a6 5. Nc3 Bf5 6. Qb3 Ra7 7. a4 e6 8. a5 Nbd7 9. c5 Ne4 10. Na4 Qxa5+ 11. Bd2 Nxd2 12. Nxd2 Be7 13. Bd3 O-O 14. Bxf5 exf5 15. O-O Qxd2 16. Nc3 Qd3 17. Ra4 f4 18. e4 Nxc5 19. dxc5 Bxc5 20. Rd1 Bxf2+ 21. Kxf2 Qe3+ 22. Kf1 f3 23. Qc2 b5 24. Rad4 fxg2+ 25. Kxg2 dxe4 26. Qxe4 Qg5+ 27. Kh1 Re7 28. Qg2 Qh5 29. Ne4 Rfe8 30. Nf6+ Kf8 31. Nxh5 Re1+ 32. Rxe1 1-0

[Event "RUS-chT Blitz Men 2018"]
[Site "Sochi"]
[Date "2018.10.10"]
[Round "11"]
[White "Taysayev, Timur"]
[Black "Shkurkin, Andrey"]
[Result "1-0"]
[ECO "B38"]
[WhiteElo "2225"]
[BlackElo "2201"]
[Annotator "NA"]
[PlyCount "77"]
[EventDate "2018.10.10"]
[EventType "swiss"]
[EventCountry "RUS"]
[SourceTitle "playchess.com"]
[Source "ChessBase"]
[SourceQuality "1"]
[TimeControl "180+2"]

1. e4 c5 2. Nf3 g6 3. d4 cxd4 4. Nxd4 Bg7 5. c4 Nc6 6. Be3 Nf6 7. Nc3 O-O 8. Be2 d6 9. O-O Bd7 10. Qd2 Nxd4 11. Bxd4 Bc6 12. Bd3 Nd7 13. Be3 a5 14. b3 Nc5 15. Bc2 Qb6 16. Rfb1 Qb4 17. Bd4 Rfc8 18. a3 Qb6 19. Nd5 Bxd5 20. exd5 Bxd4 21. Qxd4 Nd7 22. Qe4 Kf8 23. Re1 Qd8 24. Re3 Nf6 25. Qd4 b5 26. Bd3 bxc4 27. Bxc4 Rc5 28. Rae1 Ra7 29. g4 Rac7 30. g5 Ng8 31. a4 Qd7 32. Qh4 Qf5 33. Kg2 Rxd5 34. Bxd5 Qxd5+ 35. Kg3 Rc5 36. f4 Rc2 37. Qh3 Rb2 38. Qc8+ Kg7 39. Qc3+ 1-0

[Event "RUS-chT Blitz Men 2018"]
[Site "Sochi"]
[Date "2018.10.10"]
[Round "11"]
[White "Klimentov, Evgeny"]
[Black "Garifullina, Leya"]
[Result "1/2-1/2"]
[ECO "C07"]
[WhiteElo "2135"]
[BlackElo "1962"]
[Annotator "NA"]
[PlyCount "86"]
[EventDate "2018.10.10"]
[EventType "swiss"]
[EventCountry "RUS"]
[SourceTitle "playchess.com"]
[Source "ChessBase"]
[SourceQuality "1"]
[TimeControl "180+2"]

1. e4 e6 2. d4 d5 3. Nd2 c5 4. Ngf3 cxd4 5. Nxd4 Nf6 6. Bd3 Nc6 7. Nxc6 bxc6 8. O-O Be7 9. c4 O-O 10. b3 d4 11. e5 Nd7 12. Qh5 g6 13. Qe2 Nc5 14. Ne4 Nxd3 15. Qxd3 c5 16. g3 Bb7 17. h4 Bxe4 18. Qxe4 h5 19. Rd1 Rb8 20. Rd3 Qc7 21. Bd2 Rfc8 22. Re1 a5 23. a4 Rb7 24. Kh2 Rcb8 25. Qf3 Bd8 26. Re4 Qc6 27. Kg1 Kg7 28. Rf4 Qxf3 29. Rfxf3 Rc8 30. Kg2 Rcb8 31. Kf1 Rc8 32. Ke2 Rcb8 33. Kd1 Ra8 34. Kc2 Bc7 35. Bf4 Rab8 36. Rd1 Kf8 37. Re1 Ke8 38. Bd2 Bd8 39. Rd3 Bc7 40. Bg5 Bd8 41. Bd2 Bc7 42. Rf3 Bd8 43. Rd3 Bc7 1/2-1/2

[Event "RUS-chT Blitz Men 2018"]
[Site "Sochi"]
[Date "2018.10.10"]
[Round "11"]
[White "Kuzmin, Roman"]
[Black "Tatarintsev, Egor"]
[Result "0-1"]
[ECO "C04"]
[WhiteElo "1855"]
[BlackElo "2086"]
[Annotator "NA"]
[PlyCount "52"]
[EventDate "2018.10.10"]
[EventType "swiss"]
[EventCountry "RUS"]
[SourceTitle "playchess.com"]
[Source "ChessBase"]
[SourceQuality "1"]
[TimeControl "180+2"]

1. e4 e6 2. d4 d5 3. Nd2 Nc6 4. Ngf3 Nf6 $14 5. e5 Nd7 6. c3 f6 7. exf6 Qxf6 8. Bd3 Bd6 9. Qc2 e5 10. dxe5 Ndxe5 11. O-O Bg4 12. Nxe5 Nxe5 13. Re1 O-O-O 14. Nf1 Rdf8 15. Be3 Bd7 16. Bd4 Qg5 17. Bxe5 Bxe5 18. Ng3 h5 19. h4 Qf6 20. Re3 Bf4 21. Re2 Qxh4 22. Bf5 Bxf5 23. Qa4 Bxg3 24. Re4 Bxe4 25. Qxa7 Bxf2+ 26. Kf1 Bxa7+ {[%emt 0:00:02] Ke1} 0-1

[Event "RUS-chT Blitz Men 2018"]
[Site "Sochi"]
[Date "2018.10.10"]
[Round "11"]
[White "Pingin, Artem"]
[Black "Rudakov, Sergey S."]
[Result "1-0"]
[ECO "C41"]
[WhiteElo "1761"]
[BlackElo "1733"]
[Annotator "NA"]
[PlyCount "69"]
[EventDate "2018.10.10"]
[EventType "swiss"]
[EventCountry "RUS"]
[SourceTitle "playchess.com"]
[Source "ChessBase"]
[SourceQuality "1"]
[TimeControl "180+2"]

1. e4 e5 2. Nf3 d6 3. d4 exd4 4. Nxd4 Nf6 5. Nc3 Be7 6. Be3 O-O 7. f3 a6 8. Qd2 b5 9. a3 Bb7 10. Be2 Nbd7 11. O-O Nb6 12. Nf5 Nfd7 13. Nxe7+ Qxe7 14. Bf2 Rfe8 15. Rad1 Rad8 16. Rfe1 h6 17. Bf1 Nc8 18. a4 b4 19. Nd5 Bxd5 20. exd5 Qf6 21. Qxb4 Ncb6 22. a5 Na8 23. b3 Nc5 24. Bxc5 dxc5 25. Qxc5 Re5 26. Qc6 Qe7 27. Rxe5 Qxe5 28. Bxa6 Qe3+ 29. Kh1 Re8 30. Bf1 Qa7 31. b4 Rd8 32. c4 Rd6 33. Qe8+ Kh7 34. Bd3+ g6 35. Qxf7+ 1-0

[Event "RUS-chT Blitz Men 2018"]
[Site "Sochi"]
[Date "2018.10.10"]
[Round "11"]
[White "Popov, Maksim"]
[Black "Kharitonov, Egor"]
[Result "1-0"]
[ECO "B22"]
[WhiteElo "1570"]
[BlackElo "1686"]
[Annotator "NA RC"]
[PlyCount "96"]
[EventDate "2018.10.10"]
[EventType "swiss"]
[EventCountry "RUS"]
[SourceTitle "playchess.com"]
[Source "ChessBase"]
[SourceQuality "1"]
[TimeControl "180+2"]

1. e4 c5 2. c3 Nf6 3. e5 Nd5 4. d4 cxd4 5. cxd4 d6 6. Nf3 e6 7. Bc4 Nb6 8. Bb3 dxe5 9. Nxe5 Nc6 10. Nf3 Be7 11. O-O O-O 12. Nc3 Bf6 13. Be3 Nb4 14. a3 N4d5 15. Qd3 Bd7 16. Bc2 g6 17. Rfd1 Bc6 18. Rac1 Bg7 19. Bb1 Rc8 20. b4 Nxc3 21. Rxc3 Nd5 22. Rcc1 Ba4 23. Rxc8 Qxc8 24. Rc1 Qd7 25. Qc4 Bb5 26. Qc2 Bc6 27. Ba2 Rd8 28. Bxd5 Qxd5 29. Qc5 Qb3 30. Qxa7 Qb2 31. Qb6 Rd7 32. h3 h6 33. Qc5 Qxa3 34. Ne5 Rd5 35. Qe7 Bxe5 36. dxe5 g5 37. Qf6 Qd3 38. Qxh6 Qg6 39. Qxg6+ fxg6 40. Bxg5 Rxe5 41. Be3 Re4 42. Bc5 Kf7 43. Ra1 Kf6 44. Ra8 Kf5 45. Rf8+ Kg5 46. Kh2 Rc4 47. Be7+ Kh6 48. Bf6 g5 1-0

[Event "RUS-chT Blitz Men 2018"]
[Site "Sochi"]
[Date "2018.10.10"]
[Round "12"]
[White "Paravyan, David"]
[Black "Taysayev, Timur"]
[Result "1-0"]
[ECO "A50"]
[WhiteElo "2629"]
[BlackElo "2225"]
[Annotator "RC"]
[PlyCount "89"]
[EventDate "2018.10.10"]
[EventType "swiss"]
[EventCountry "RUS"]
[SourceTitle "playchess.com"]
[Source "ChessBase"]
[SourceQuality "1"]
[TimeControl "180+2"]

1. d4 Nf6 2. c4 c6 3. Nf3 b5 4. cxb5 cxb5 5. e3 a6 6. Bd3 Bb7 7. O-O e6 8. a4 b4 9. Nbd2 d5 10. Ne5 Nbd7 11. Nb3 Nxe5 12. dxe5 Nd7 13. f4 Nc5 14. Nxc5 Bxc5 15. Qh5 g6 16. Qh6 Bf8 17. Qh3 Bc5 18. Bd2 Qb6 19. a5 Qa7 20. Rf3 Bc6 21. Rc1 Bb5 22. Bxb5+ axb5 23. Kh1 O-O 24. Qh6 Rac8 25. Rh3 f5 26. exf6 Rxf6 27. Qh4 Rff8 28. Qg4 Qf7 29. Rf3 Qf5 30. Qxf5 gxf5 31. Rff1 Ba7 32. Bxb4 Bxe3 33. Rce1 d4 34. Bxf8 Kxf8 35. a6 Ra8 36. Ra1 Ke7 37. g3 Kd6 38. Kg2 Kd5 39. Kf3 Kc4 40. Ke2 Kb3 41. Kd3 b4 42. Ra5 Ra7 43. Raa1 h6 44. h3 h5 45. h4 1-0

[Event "RUS-chT Blitz Men 2018"]
[Site "Sochi"]
[Date "2018.10.10"]
[Round "12"]
[White "Nuristani, Iman"]
[Black "Tereshechkina, Maya"]
[Result "1-0"]
[ECO "E00"]
[WhiteElo "2242"]
[BlackElo "2018"]
[Annotator "NA"]
[PlyCount "65"]
[EventDate "2018.10.10"]
[EventType "swiss"]
[EventCountry "RUS"]
[SourceTitle "playchess.com"]
[Source "ChessBase"]
[SourceQuality "1"]
[TimeControl "180+2"]

1. d4 Nf6 2. c4 e6 3. Nc3 c5 4. d5 exd5 5. cxd5 Bd6 6. Nf3 O-O 7. g3 a6 8. a4 Bc7 9. Bg2 d6 10. O-O Re8 11. Nd2 Nbd7 12. Nc4 Rb8 13. a5 Ne5 14. Nxe5 Rxe5 15. Bf4 Re8 16. Re1 Bxa5 17. Rxa5 Qxa5 18. Bxd6 Ra8 19. e4 Bg4 20. Qc1 b5 21. e5 Nd7 22. Qg5 b4 23. Ne4 b3 24. Nc3 h5 25. h3 f6 26. Qg6 Nxe5 27. Rxe5 fxe5 28. hxg4 Qa1+ 29. Kh2 hxg4 30. Be4 Qxb2 31. Qh7+ Kf7 32. Qh5+ Kf6 33. Qg6# 1-0

[Event "RUS-chT Blitz Men 2018"]
[Site "Sochi"]
[Date "2018.10.10"]
[Round "12"]
[White "Ponomarenko, Alexandr"]
[Black "Rozhko, Dmitry"]
[Result "1-0"]
[ECO "B18"]
[WhiteElo "2231"]
[BlackElo "2305"]
[Annotator "NA"]
[PlyCount "48"]
[EventDate "2018.10.10"]
[EventType "swiss"]
[EventCountry "RUS"]
[SourceTitle "playchess.com"]
[Source "ChessBase"]
[SourceQuality "1"]
[TimeControl "180+2"]

1. e4 c6 2. d4 d5 3. Nd2 dxe4 4. Nxe4 Bf5 5. Ng3 Bg6 6. h4 h6 7. h5 Bh7 8. Nf3 Nd7 9. Bd3 Bxd3 10. Qxd3 e6 11. Bd2 Ngf6 12. O-O-O Bd6 13. Ne4 Nxe4 14. Qxe4 Nf6 15. Qe2 Qc7 16. Kb1 Bf4 17. Be3 Bxe3 18. fxe3 O-O-O 19. Ne5 Rhf8 20. g4 Nd7 21. Nd3 e5 22. Qg2 exd4 23. exd4 Qd6 24. c3 Nb6 1-0

[Event "RUS-chT Blitz Men 2018"]
[Site "Sochi"]
[Date "2018.10.10"]
[Round "12"]
[White "Mamedov, Elmin"]
[Black "Tekeyev, Zaur"]
[Result "0-1"]
[ECO "B23"]
[WhiteElo "2210"]
[BlackElo "2392"]
[Annotator "NA"]
[PlyCount "102"]
[EventDate "2018.10.10"]
[EventType "swiss"]
[EventCountry "RUS"]
[SourceTitle "playchess.com"]
[Source "ChessBase"]
[SourceQuality "1"]
[TimeControl "180+2"]

1. e4 c5 2. Ne2 Nc6 3. Nbc3 d6 4. g3 g6 5. Bg2 Bg7 6. O-O e6 7. d3 Nge7 8. f4 O-O 9. h3 Rb8 10. a4 b6 11. g4 f5 12. Ng3 Bb7 13. gxf5 exf5 14. Kh1 Qd7 15. Nd5 Nxd5 16. exd5 Nb4 17. c3 Nxd5 18. Qb3 Qf7 19. Bd2 Kh8 20. a5 Nxf4 21. Qxf7 Bxg2+ 22. Kh2 Rxf7 23. Rxf4 Bc6 24. axb6 axb6 25. Rff1 Kg8 26. Rfe1 Kf8 27. Bf4 Rd7 28. Ra7 Rxa7 29. Bxd6+ Kf7 30. Bxb8 Rd7 31. Rd1 Bb5 32. Kg2 Rxd3 33. Rxd3 Bxd3 34. Ba7 c4 35. Bxb6 Bh6 36. Bc5 Bc1 37. Ba3 Ke6 38. Kf3 Ke5 39. h4 h6 40. h5 g5 41. Ne2 g4+ 42. Kf2 Bxe2 43. Kxe2 Ke4 44. Bf8 f4 45. Kf2 f3 46. Bg7 Bf4 47. Bd4 g3+ 48. Kf1 Bc1 49. Bg7 Kf5 50. Kg1 Be3+ 51. Kf1 g2+ 0-1